 Dungeon Crawl Stone Soup version 0.23.0-33-g5e6c059fef (webtiles) character file.

Game seed: 689847145159063189

1572 LLavrengius the Transmogrifier (level 8, -11/63 HPs)
             Began as a Merfolk Transmuter on Feb 27, 2019.
             Was a Follower of Sif Muna.
             Mangled by a wight
             ... wielding a +4 halberd of freezing
              (15 damage)
             ... on level 6 of the Dungeon.
             The game lasted 00:23:03 (7780 turns).

LLavrengius the Transmogrifier (Merfolk Transmuter) Turns: 7780, Time: 00:23:04

Health: -11/63     AC:  2    Str: 12 (15) XL:     8   Next: 90%
Magic:  14/15      EV: 19    Int: 13 (15) God:    Sif Muna [*.....]
Gold:   386        SH:  0    Dex: 16 (19) Spells: 7/17 levels left

rFire    . . .     SeeInvis .     - Unarmed
rCold    . . .     Gourm    .   (shield currently unavailable)
rNeg     . . .     Faith    .   (armour currently unavailable)
rPois    x         Spirit   .   (helmet currently unavailable)
rElec    .         Reflect  .   (cloak currently unavailable)
rCorr    .         Harm     .   (gloves currently unavailable)
MR       .....                  (boots currently unavailable)
Stlth    +.........             (no amulet)
HPRegen  0.20/turn              (no ring)
MPRegen  0.14/turn              (no ring)

@: mighty, spider-form (expiring), heavily drained
A: tiny, (change form in water), (swift swim), (stealthy swim)
a: End Transformation, Divine Energy, Renounce Religion


You were on level 6 of the Dungeon.
You worshipped Sif Muna.
Sif Muna was aware of your devotion.
You were near starving.
You were a venomous arachnid creature.
You visited 2 branches of the dungeon, and saw 9 of its levels.

You collected 386 gold pieces.

Inventory:

Hand Weapons
 n - a +0 spear
Missiles
 a - 52 arrows
 x - 12 tomahawks (quivered)
Armour
 b - a +0 robe (melded)
 m - a +0 buckler
 s - a +0 helmet (melded)
 v - a +1 leather armour of fire resistance
 B - a cursed +0 cloak (melded)
Jewellery
 u - an uncursed ring of protection from magic {unknown}
Wands
 q - a wand of acid (19)
 w - a wand of clouds (7)
 y - a wand of random effects (21)
Scrolls
 c - a scroll of immolation {unknown}
 e - 5 scrolls of teleportation {unknown}
 f - a scroll of fog {unknown}
 k - 2 scrolls of enchant armour {unknown}
 o - 2 scrolls of amnesia {unknown}
 r - 8 scrolls of identify {unknown}
 t - 2 scrolls of enchant weapon {unknown}
 C - a scroll of random uselessness {unknown}
Potions
 h - a potion of might
 i - 2 potions of curing {unknown}
 j - 2 potions of haste {unknown}
 l - a potion of flight {unknown}
 p - a potion of resistance {unknown}
 z - 4 potions of lignification {unknown}
 A - a potion of magic {unknown}
 D - a potion of heal wounds {unknown}
 E - a potion of ambrosia {unknown}
Comestibles
 d - 14 rations


   Skills:
 + Level 5.5(4.3) Fighting
 - Level 2.6(1.5) Dodging
 - Level 3.2(2.1) Unarmed Combat
 + Level 5.2(4.0) Spellcasting
 + Level 9.4(8.0) Transmutations
 - Level 4.0(2.9) Ice Magic


You had 7 spell levels left.
You knew the following spells:

 Your Spells              Type           Power        Failure   Level  Hunger
a - Beastly Appendage     Tmut           ###...       4%          1    None
b - Sticks to Snakes      Tmut           ###.....     5%          2    ##.....
c - Spider Form           Tmut/Pois      ##........   28%         3    ###....
d - Ice Form              Ice/Tmut       ###.....     43%         4    ####...

Your spell library contained the following spells:

 Spells                   Type           Power        Failure   Level  Hunger
 Blade Hands              Tmut           ###.......   41%         5    ######.


Dungeon Overview and Level Annotations

Branches:
Dungeon (8/15)             Temple (1/1) D:4
   Lair: D:8-11

Altars:
Ashenzari
Cheibriados
Dithmenos
Elyvilon
Fedhas
Gozag
Hepliaklqana
Kikubaaqudgha
Makhleb
Nemelex Xobeh
Okawaru
Qazlal
Ru
Sif Muna
Trog
Uskayaw
Vehumet
Wu Jian
Xom
Yredelemnul
Zin
The Shining One

Annotations:
D:8 1 runed translucent door


Message History

The wight hits you with a +4 short sword!
You feel drained.
The wight hits you from afar with a +4 halberd of freezing!!
You feel drained.
* * * LOW HITPOINT WARNING * * *
The wight freezes you.
* * * LOW HITPOINT WARNING * * *
You hit the wight.
The wight is heavily damaged.
The wight hits you with a +4 short sword!
* * * LOW HITPOINT WARNING * * *
You feel drained.
* * * LOW HITPOINT WARNING * * *
You bite the wight!
You destroy the wight!
Sif Muna accepts your kill. The wight misses you.
Unknown command.
The wight hits you with a +4 halberd of freezing!
You die...

....#+#.###z...
#.#.........z..
.........#
#.#......#
.........#
#........#
###.###.## #.
#z# # #s# #.#
#.# #.# ..#
####


You could see a wight.

Vanquished Creatures
  Menkaure (D:4)
  Edmund (D:5)
  An ice beast (D:8)
  2 ogres
  A sky beast (D:8)
  A phantom (D:7)
  A bullfrog (D:6)
  2 wights (D:6)
  4 crimson imps
  4 orc priests
  A hound (D:8)
  A centaur skeleton (D:4)
  Natasha (thrice) (D:2)
  An iguana (D:4)
  3 orc wizards
  2 worker ants
  Robin (D:2)
  10 adders
  An ooze (D:2)
  A worm (D:2)
  4 dart slugs
  6 leopard geckos
  16 orcs
  5 giant cockroaches
  8 goblins
  10 hobgoblins
  6 jackals
  4 quokkas
  9 bats
  8 frilled lizards
  A jackal skeleton (D:4)
  7 kobolds
  9 rats
135 creatures vanquished.

Notes
Turn   | Place    | Note
-------+----------+-------------------------------------------
     0 | D:1      | LLavrengius the Merfolk Transmuter began the quest for the
                  | Orb.
     0 | D:1      | Reached XP level 1. HP: 15/15 MP: 3/3
   215 | D:1      | Reached skill level 3 in Transmutations
   334 | D:1      | Reached XP level 2. HP: 12/21 MP: 3/5
   558 | D:1      | Learned a level 2 spell: Sticks to Snakes
   758 | D:1      | Reached skill level 4 in Transmutations
  1048 | D:1      | Reached XP level 3. HP: 26/26 MP: 6/6
  1759 | D:2      | Reached skill level 5 in Transmutations
  2092 | D:2      | Learned a level 3 spell: Spider Form
  2216 | D:2      | Reached XP level 4. HP: 27/32 MP: 5/7
  2377 | D:2      | Found a sparkling altar of Nemelex Xobeh.
  2397 | D:2      | Noticed Natasha
  2405 | D:2      | Killed Natasha
  2405 | D:2      | Reached skill level 6 in Transmutations
  2692 | D:2      | Noticed Robin
  2711 | D:2      | Killed Robin
  2711 | D:2      | Reached XP level 5. HP: 7/37 MP: 5/8
  2766 | D:2      | Noticed Natasha
  3136 | D:2      | Killed Natasha
  3136 | D:2      | Reached skill level 7 in Transmutations
  3231 | D:2      | Noticed Natasha
  3238 | D:2      | Killed Natasha
  3398 | D:3      | Noticed a sky beast
  3638 | D:3      | Reached XP level 6. HP: 23/43 MP: 5/9
  3959 | D:3      | Reached skill level 8 in Transmutations
  3981 | D:3      | Learned a level 4 spell: Ice Form
  4536 | D:4      | Reached skill level 1 in Ice Magic
  4802 | D:4      | Noticed Menkaure
  4817 | D:4      | Killed Menkaure
  4817 | D:4      | Reached XP level 7. HP: 26/51 MP: 8/11
  5263 | D:4      | Found a staircase to the Ecumenical Temple.
  5270 | Temple   | Entered the Ecumenical Temple
  5357 | Temple   | Became a worshipper of Sif Muna the Loreminder
  5548 | D:5      | Entered Level 5 of the Dungeon
  6203 | D:5      | Noticed Edmund
  6216 | D:5      | Killed Edmund
  6307 | D:5      | Reached XP level 8. HP: 58/60 MP: 11/14
  6648 | D:5      | You fall through a shaft for 2 floors!
  6780 | D:6      | Reached * piety under Sif Muna
  6804 | D:5      | You fall through a shaft for 3 floors!
  6804 | D:8      | Found a runed translucent door.
  6869 | D:8      | Found a sacrificial altar of Ru.
  7099 | D:8      | Reached skill level 9 in Transmutations
  7190 | D:8      | Reached skill level 5 in Fighting
  7190 | D:8      | Reached skill level 5 in Spellcasting
  7438 | D:7      | Noticed a cyclops
  7454 | D:6      | HP: 3/62 [leopard gecko (3)]
  7780 | D:6      | Mangled by a wight

Skill      XL: |  1  2  3  4  5  6  7  8 |
---------------+-------------------------+-----
Transmutations | 3 4 5 6 7 8 9 |  9.4
Ice Magic      | 2 3 4 |  4.0
Fighting       | 2 3 5 |  5.5
Spellcasting   | 3 4 5 |  5.2
Dodging        | |  2.6
Unarmed Combat | |  3.2

Action                   |  1- 3 |  4- 6 |  7- 9 || total
-------------------------+-------+-------+-------++-------
Melee: Unarmed           |   144 |   221 |   328 ||   693
       Headbutt          |    14 |       |       ||    14
       Punch             |     1 |     1 |     2 ||     4
 Cast: Beastly Appendage |    11 |       |       ||    11
       Spider Form       |       |    12 |    19 ||    31
  Use: Potion            |       |       |     2 ||     2
 Stab: Sleeping          |     1 |     2 |     1 ||     4
  Eat: Chunk             |     4 |    10 |    10 ||    24
Armor: Robe              |    21 |     8 |     3 ||    32
       Skin              |       |     3 |     8 ||    11
       Leather armour    |       |    28 |    41 ||    69
Dodge: Dodged            |    89 |   161 |   187 ||   437
